cohdb
Replays
Latest Replays
All Replays
Popular Replays
Top Player Replays
Match Explorer
How It Works
Community
CoH3 Stats
Reddit
Sign in to upload your games and track your stats! →
Sign in with Steam
Match 43164437
Unlisted
Match 43164437
Overview
Messages
Build Orders
End
Kradschützen Motorcycle Team
Selects Italian Combined Arms Battlegroup
Selects Bersaglieri Squad
Bersaglieri Squad
Bersaglieri Squad
Construct Light Support Kompanie
Selects Bersaglieri Bolster
Bersaglieri Squad
Fire Support Elements
Flakvierling Half-track
Pak 38 Mechanized Group
Construct Panzerarmee Kommand
Vehicle Survival Package
Selects Breda Model 30 Light Machine Guns
Bersaglieri Squad
Panzer III L Medium Tank
Emergency Repair Kits
Armored Reserves
Selects Semovente da 75/18 Assault Gun
Selects Strafing Run
Walking Stuka Rocket Launcher
Panzer IV Assault Group
Selects Artillery Cover
Tiger Heavy Tank
MG34 Team
Strafing Run
Panzer III L Medium Tank
Panzer IV Assault Group
MrGlaucus
Discoverer
Adamir@Magnum.CZ
Materialjerry
0
0
Comments
sign in to comment!
No comments posted yet!